 Dungeon Crawl Stone Soup version 0.31.0 (webtiles) character file.

Game seed: 11780810178486599688

68074 Skeral the Mimic (level 15, -1/141 HPs)
             Began as an Oni Alchemist on Jan 19, 2024.
             Was a High Priest of Vehumet.
             Slain by an orc knight
             ... wielding a +0 war axe
              (20 damage)
             ... on level 2 of the Orcish Mines.
             The game lasted 01:26:33 (18273 turns).

Skeral the Mimic (Oni Alchemist)                   Turns: 18273, Time: 01:26:34

Health: -1/141     AC: 26    Str: 16    XL:     15   Next: 25%
Magic:  9/29       EV: 10    Int: 20    God:    Vehumet [*****.]
Gold:   800        SH:  0    Dex: 11    Spells: 5/34 levels left

rFire   + . .        x - +3 whip (elec)
rCold   . . .        (no shield)
rNeg    + . .        R - melded +2 troll leather armour {Snorg}
rPois   ∞            S - +2 hat {Will+}
rElec   +            l - +0 cloak
rCorr   .            (gloves unavailable)
SInv    .            (boots unavailable)
Will    +++..        K - amulet of magic regeneration
Stlth   ++           m - ring of willpower
HPRegen 0.43/turn    F - ring of protection from fire
MPRegen 0.61/turn

%: no passive effects
@: statue-form, very slow
A: slow and powerful, torment resistance 1, reduced hp, large, unfitting armour,
horns 1, (tough skin 1), double potion healing, drunken brawling
a: Begin Untransformation, Renounce Religion


You were on level 2 of the Orcish Mines.
You worshipped Vehumet.
Vehumet was extremely pleased with you.
You were a living statue of rough stone.
You visited 4 branches of the dungeon, and saw 20 of its levels.
You also visited: Ice Cave.

You collected 1482 gold pieces.
You spent 682 gold pieces at shops.


Innate Abilities, Weirdness & Mutations

You are a living statue of rough stone.
Your actions are slow, but your melee attacks are powerful.
You are resistant to unholy torment.
Your maximum health is decreased, since you lack skill for your form.
Your equipment is partially melded.
You are too large for most types of armour.
You are immune to poison.
You have a pair of small horns on your head.
((You have tough skin. (AC +1)))
You gain doubled healing and magic from potions.
Whenever you drink a healing potion, you attack all around you.


   Skills:
 - Level 10.0 Fighting
 - Level 3.0 Dodging
 - Level 1.4 Stealth
 - Level 10.0 Spellcasting
 - Level 11.0 Conjurations
 - Level 7.0 Fire Magic
 - Level 8.0 Air Magic
 - Level 10.0 Alchemy
 + Level 13.3 Shapeshifting


You had 5 spell levels left.
You knew the following spells:

 Your Spells              Type           Power      Damage    Failure   Level
a - Arcjolt               Conj/Air       24%        1d34      1%          5
f - Sticky Flame          Fire/Alch      44%        2d8       1%          4
i - Irradiate             Conj/Alch      25%        3d20      1%          5
m - Mephitic Cloud        Conj/Alch/Air  48%        N/A       1%          3
o - Olgreb's Toxic Radia  Alch           50%        N/A       1%          4
s - Sting                 Conj/Alch      100%       1d9       1%          1
v - Mercury Vapours       Alch/Air       92%        N/A       1%          2
F - Fireball              Conj/Fire      23%        3d11      1%          5

Your spell library contained the following spells:

 Spells                   Type           Power      Damage    Failure   Level
 Starburst                Conj/Fire      23%        6d8       7%          6
 Iskenderun's Battlesphe  Conj           52%        2d10      1%          5
 Frozen Ramparts          Ice            20%        1d4       5%          3
 Slow                     Hex            40%        N/A       7%          1
 Leda's Liquefaction      Alch/Erth      15%        N/A       9%          4
 Petrify                  Alch/Erth      30%        N/A       9%          4
 Call Imp                 Summ           20%        N/A       11%         2
 Lesser Beckoning         Tloc           20%        N/A       11%         2
 Summon Lightning Spire   Summ/Air       26%        N/A       13%         4
 Confusing Touch          Hex            10%        N/A       21%         3
 Gell's Gravitas          Tloc           10%        N/A       21%         3
 Sigil of Binding         Hex            10%        N/A       21%         3
 Teleport Other           Tloc           10%        N/A       21%         3
 Vampiric Draining        Necr           10%        2d6       21%         3
 Lee's Rapid Deconstruct  Erth           5%         3d6*      41%         5
 Animate Armour           Summ/Erth      20%        N/A       56%         4
 Metabolic Englaciation   Hex/Ice        5%         N/A       88%         5
 Bombard                  Conj/Erth      16%        9d3       28%         6
 Sculpt Simulacrum        Ice/Alch       15%        N/A       80%         6
 Spellforged Servitor     Conj/Summ      16%        N/A       80%         7
 Ozocubu's Refrigeration  Ice            5%         4d8       100%        7
 Summon Hydra             Summ           5%         N/A       100%        7
 Polar Vortex             Ice            5%         N/A       100%        9
 Sublimation of Blood     Necr           Unusable   N/A       N/A         2

Inventory:

Hand Weapons
 x - a +3 whip of electrocution (weapon)
   (You took it off Pikel on level 5 of the Dungeon)
Missiles
 c - a throwing net {=f!f}
 z - 3 boomerangs
 E - 4 silver javelins
 O - 6 javelins
Armour
 l - a +0 cloak (worn)
   (You found it on level 5 of the Lair of Beasts)
 R - a +2 troll leather armour (melded) {Snorg}
   (You found it on level 10 of the Dungeon)
 S - a +2 hat of willpower (worn)
   (You took it off Gastronok on level 1 of the Lair of Beasts)
 X - a +0 kite shield
   (You found it on level 3 of the Lair of Beasts)
Magical Staves
 o - a staff of earth {!a}
   (You found it on level 5 of the Lair of Beasts)
 Q - a staff of air {!a}
   (You found it on level 10 of the Dungeon)
Jewellery
 m - a ring of willpower (left fist)
   (You found it on level 8 of the Dungeon)
 v - a ring of see invisible
   (You found it on level 7 of the Dungeon)
 F - a ring of protection from fire (right fist)
   (You found it on level 1 of the Dungeon)
 K - an amulet of magic regeneration (around neck)
   (You bought it in a shop on level 5 of the Dungeon)
 Z - a ring of wizardry
   (You found it on level 1 of the Dungeon)
Talismans
 h - a granite talisman (active)
   (You found it on level 1 of the Dungeon)
Wands
 D - a wand of flame (20)
   (You found it on level 6 of the Dungeon)
 G - a wand of mindburst (21)
   (You found it on level 8 of the Dungeon)
 I - a wand of iceblast (4)
   (You found it on level 7 of the Dungeon)
 J - a wand of digging (3)
   (You found it on level 7 of the Dungeon)
 U - a wand of light (5)
   (You took it off Joseph on level 1 of the Lair of Beasts)
Scrolls
 a - a scroll of amnesia
 d - 2 scrolls of poison {!r}
 e - 6 scrolls of immolation {!r!r}
 f - 8 scrolls of teleportation {@r4}
 g - a scroll of revelation
 i - 4 scrolls of enchant weapon
 p - 2 scrolls of vulnerability {!r!r}
 r - 3 scrolls of enchant armour
 y - a scroll of fog
 A - a scroll of fear
 M - 2 scrolls of silence {unknown}
 V - a scroll of butterflies
 W - a scroll of blinking {unknown}
Potions
 b - 2 potions of magic
 j - 3 potions of lignification {!q}
 k - a potion of invisibility {unknown}
 n - 9 potions of curing {@q1}
 q - 2 potions of attraction {!q}
 s - a potion of ambrosia
 t - 2 potions of cancellation {unknown}
 u - 2 potions of brilliance
 w - 2 potions of mutation {unknown}
 C - 3 potions of enlightenment {unknown}
 L - 4 potions of haste {unknown}
 N - a potion of resistance {unknown}
 T - a potion of might {unknown}

Dungeon Overview and Level Annotations

Branches:
Dungeon (12/15) Zot: 25730  Temple (1/1) D:6 Zot: 5985    Lair (5/5) D:9 Zot: 25373
  Swamp (0/4) Lair:2        Snake (0/4) Lair:3        Slime (0/5) Lair:5
    Orc (2/2) D:12 Zot: 11348   IceCv (visited)
    Elf: Orc:2

Altars:
Ashenzari
Cheibriados
Dithmenos
Elyvilon
Fedhas
Gozag
Hepliaklqana
Kikubaaqudgha
Makhleb
Nemelex Xobeh
Okawaru
Qazlal
Ru
Sif Muna
Trog
Uskayaw
Vehumet
Wu Jian
Xom
Yredelemnul
Zin
The Shining One

Shops:
D:4 (   D:5 =   D:11 *(

Annotations:
Orc:2 Saint Roka

#......))#).)...#
##....).....))..# .
##.....).)..)..)#####..
#...............))8.....
#...........#)...).......
#...........##....)).).o..
.........§§§.oo.......).).
....<.....§§§§§.....8.....
.........8o§§§....#####))
#.##....§§§§§.....# .o
###.§§§§§......#
#.§.........##
##..........# #.......##.#
#........ .# ....#..... .


You could see Saint Roka (strong) and an orc knight (strong).


Message History

😨 HP[-10] MP[+1]
You take 10 damage, and now have 59/141 hp.
The orc knight roars a battlecry! 😨 MP[+1]
Casting: Arcjolt (mildly dangerous; 1% risk of failure)
Confirm with . or Enter, or press ? or * to list all spells.
Electricity surges outward!
The orc knight is struck by an electric surge!
The orc warrior is struck by an electric surge!!
You kill the orc warrior!
Vehumet accepts your kill.
You feel your power returning.
The orc knight hits you with a +0 war axe!
* * * LOW HITPOINT WARNING * * *
😨 HP[-6] MP[-3]
You take 6 damage, and now have 53/141 hp.
You lost 3 mp, and now have 13/29 mp.
As you read the scroll of fear, it crumbles to dust.
You assume a fearsome visage.
The orc knight resists with some effort.
The orc knight hits you with a +0 war axe.
* * * LOW HITPOINT WARNING * * *
😨 HP[-1] MP[+1]
You take 1 damage, and now have 52/141 hp.
As you read the scroll of teleportation {@r4}, it crumbles to dust.
You feel strangely unstable.
The orc priest hits you with a +0 dagger.
* * * LOW HITPOINT WARNING * * *
The orc knight barely misses you. 😨 HP[-2] MP[+1]
You take 2 damage, and now have 50/141 hp.
Casting: Arcjolt (mildly dangerous; 1% risk of failure)
Confirm with . or Enter, or press ? or * to list all spells.
Electricity surges outward!
The orc knight is struck by an electric surge!
The orc priest is struck by an electric surge!!
You kill the orc priest!
Vehumet accepts your kill.
You feel your power returning.
The orc knight no longer looks unusually strong.
The orc knight hits you with a +0 war axe!
* * * LOW HITPOINT WARNING * * *
Saint Roka roars a battlecry!
The orc knight goes into a battle-frenzy!
The orc knight hits you but does no damage. 😨 HP[-10] MP[-3]
You take 10 damage, and now have 40/141 hp.
You lost 3 mp, and now have 12/29 mp.
You take a swig of the potion and twirl your +3 whip of electrocution.
You hit the orc knight but do no damage.
You headbutt the orc knight, but do no damage.
You hit Saint Roka.
You savour every drop.
You feel much better.
Saint Roka invokes the aid of Beogh against you.
Beogh smites you!
The orc knight closely misses you. 😮 HP[+51] MP[+1]
You regained 51 hp, and now have 91/141 hp.
Casting: Arcjolt (mildly dangerous; 1% risk of failure)
Confirm with . or Enter, or press ? or * to list all spells.
Electricity surges outward!
The orc knight is struck by an electric surge.
Saint Roka is struck by an electric surge!!
Your surroundings seem slightly different.
Saint Roka calls down the wrath of Beogh upon you.
Beogh smites you! 😮 HP[-13] MP[-5]
You take 13 damage, and now have 78/141 hp.
You lost 5 mp, and now have 8/29 mp. 😮 HP[+1] MP[+1]
Okay, then.
As you read the scroll of fog, it dissolves into smoke.
Saint Roka no longer looks unusually strong. 😮 MP[+1]
The orc knight roars a battlecry!
Saint Roka goes into a battle-frenzy! 😮 HP[+1] MP[+1] Saint Roka invokes the aid of Beogh against you.
Beogh smites you! 😮 HP[-7] MP[+1]
You take 7 damage, and now have 73/141 hp.
Casting: Arcjolt (mildly dangerous; 1% risk of failure)
Confirm with . or Enter, or press ? or * to list all spells.
Aiming: Fireball (mildly dangerous; 1% risk of failure)
Press: ? - help, Shift-Dir - straight line The fireball explodes!
The fireball engulfs the orc knight!!
The fireball engulfs Saint Roka!
Saint Roka invokes the aid of Beogh against you.
Beogh smites you!
* * * LOW HITPOINT WARNING * * *
😨 HP[-10] MP[-4]
You take 10 damage, and now have 63/141 hp.
You lost 4 mp, and now have 8/29 mp.
You hit the orc knight but do no damage.
You headbutt the orc knight, but do no damage.
The orc knight hits you with a +0 war axe!!
* * * LOW HITPOINT WARNING * * *
Saint Roka invokes the aid of Beogh against you.
Beogh smites you!
* * * LOW HITPOINT WARNING * * *
The orc knight hits you with a +0 war axe!!
You die...

Skill      XL: |  1  2  3  4  5  6  7  8  9 10 11 12 13 14 15 |
---------------+----------------------------------------------+-----
Conjurations   | 1 2 3 5 6 8 9 11 | 11.0
Fighting       | 1 2 3 5 6 8 10 | 10.0
Alchemy        | 3 4 5 7 8 9 10 | 10.0
Spellcasting   | 3 4 5 6 7 9 10 | 10.0
Air Magic      | 1 2 3 4 6 7 8 |  8.0
Fire Magic     | 4 5 7 |  7.0
Shapeshifting  | 3 6 10 12 13 | 13.3
Dodging        | 3 |  3.0
Stealth        | |  1.4

Action                     |  1- 3 |  4- 6 |  7- 9 | 10-12 | 13-15 || total
---------------------------+-------+-------+-------+-------+-------++-------
  Melee: Unarmed           |     4 |       |       |       |       ||     4
         Whip              |    35 |    77 |   192 |   166 |   277 ||   747
         Headbutt          |     6 |     8 |    40 |    34 |    82 ||   170
         Punch             |     1 |     1 |     2 |       |     5 ||     9
   Cast: Sting             |    53 |    61 |   108 |    83 |    21 ||   326
         Mercury Vapours   |     1 |     1 |     1 |     7 |     1 ||    11
         Mephitic Cloud    |       |     1 |     1 |    10 |    10 ||    22
         Irradiate         |       |       |     8 |    31 |    21 ||    60
         Olgreb's Toxic Ra |       |       |     6 |    47 |    33 ||    86
         Sticky Flame      |       |       |       |    29 |    79 ||   108
         Arcjolt           |       |       |       |       |   162 ||   162
         Fireball          |       |       |       |       |    37 ||    37
  Evoke: Wand              |       |       |       |       |     1 ||     1
    Use: Scroll            |       |     2 |    10 |     4 |    13 ||    29
         Potion            |       |       |     1 |     4 |     3 ||     8
   Stab: Sleeping          |       |     2 |     1 |     1 |     1 ||     5
         Confused          |       |       |     1 |     1 |     1 ||     3
 Armour: Robe              |    40 |    56 |   206 |    27 |       ||   329
         Steam dragon scal |       |       |       |    82 |       ||    82
         Troll leather arm |       |       |       |   178 |   388 ||   566
         Skin              |       |       |       |       |   130 ||   130
  Dodge: Dodged            |    29 |    36 |   107 |   127 |   211 ||   510
   Form: Statue            |       |       |       |       |     1 ||     1

Levels and vault maps discovered:
D:1:      dpeg_arrival_stone_temple_mockup, layout_basic, st_stairs_6
D:2:      layout_loops_ring
D:3:      layout_basic, mainiacjoe_overflow_24_doors,
          dreamdust_mushroom_princess, uniq_terence, uniq_jessica, uniq_natasha
D:4:      layout_basic, serial_shops, shop_fountains
D:5:      layout_loops_ring, nicolae_tso_carved_into_rock, serial_shops, shop,
          hellmonk_no_cap, uniq_pikel
D:6:      nicolae_cairo_tiling_large_dashed, layout_cave_pods,
          mainiacjoe_overflow_alcove_2, mainiacjoe_overflow_tiny_flanked,
          minmay_temple_entry_antechambers, due_unseen_surprise
D:7:      layout_basic, nicolae_eternal_life, minmay_shattered_shrine
D:8:      layout_basic, nicolae_hepliaklqana_monster_ancestors,
          serial_library_hellmonk_room_b
D:9:      layout_rooms, nemelex_xobeh_ov_fountains_minmay,
          minmay_lair_entry_grove
D:10:     layout_loops_ring, kennysheep_little_box, uniq_harold, uniq_snorg
D:11:     layout_basic, serial_rivers, chequers_serial_rivers_marsh,
          chequers_serial_rivers_small_a, chequers_serial_rivers_micro_c,
          chequers_serial_rivers_room_a, chequers_serial_rivers_micro_d,
          chequers_serial_rivers_large_b, serial_shops,
          nicolae_shop_hallway_stairs, nicolae_shop_tiny_statue_garden
D:12:     wad_crossroads, layout_loops_cross, minmay_orc_entry_temple_small,
          nicolae_uskayaw_murder_on_the_dancefloor, uniq_nergalle
Temple:   nicolae_temple_no_exploring_needed
Lair:1:   layout_regular_city, lemuel_centaur_altar, uniq_urug, uniq_gastronok,
          uniq_joseph
Lair:2:   layout_cave_pods, swamp_mist, beast_lair_carwin_6
Lair:3:   layout_hall_layers, minmay_snake_entry_guardpost_small,
          beast_lair_carwin_1, serial_bayou_shore_b, grunt_megastairs_3,
          uniq_kirke
Lair:4:   layout_regular_city, portal_ice_cave_entry_ice_simulacra,
          lemuel_fruit_tree, uniq_nessos
Lair:5:   minmay_lair_end_enchanted_forest, layout_regular_city, slime_entry_2
Orc:1:    layout_caves, special_room [special_room_orc]
Orc:2:    grunt_orc_cross, layout_caves, ebering_ghost_disaster_area

Notes
Turn   | Place    | Note
-------+----------+-------------------------------------------
     0 | D:1      | Skeral the Oni Alchemist began the quest for the Orb.
     0 | D:1      | Reached XP level 1. HP: 16/16 MP: 3/3
     0 | D:1      | magus.rc [v1.10.3]
    27 | D:1      | Reached skill level 1 in Conjurations
   160 | D:1      | Reached XP level 2. HP: 26/26 MP: 2/5
   200 | D:1      | Reached skill level 1 in Fighting
   309 | D:1      | Reached skill level 3 in Alchemy
   398 | D:1      | Learned a level 2 spell: Mercury Vapours
   413 | D:1      | Reached XP level 3. HP: 33/33 MP: 4/7
  1081 | D:2      | Learned a level 3 spell: Mephitic Cloud
  1114 | D:2      | Reached skill level 3 in Spellcasting
  1134 | D:2      | Reached skill level 2 in Fighting
  1286 | D:2      | Reached XP level 4. HP: 42/42 MP: 6/8
  1333 | D:2      | You pick up a book of Transmutation and begin reading...
  1333 | D:2      | You add the spells Sublimation of Blood, Petrify and
                  | Irradiate to your library.
  1731 | D:3      | Found a shadowy altar of Dithmenos.
  1780 | D:3      | Noticed Jessica
  1793 | D:3      | Killed Jessica
  1794 | D:3      | Reached skill level 2 in Conjurations
  1794 | D:3      | Reached skill level 1 in Air Magic
  1878 | D:3      | Noticed Terence
  1948 | D:3      | Noticed Natasha
  1956 | D:3      | Killed Natasha
  1957 | D:3      | Reached XP level 5. HP: 35/50 MP: 4/10
  2039 | D:3      | Killed Terence
  2442 | D:4      | Reached skill level 3 in Fighting
  2486 | D:4      | Reached XP level 6. HP: 57/61 MP: 8/11
  2727 | D:4      | Found Ceery's Weapon Shoppe.
  2917 | D:4      | Reached skill level 4 in Spellcasting
  2917 | D:4      | Reached skill level 2 in Air Magic
  3030 | D:4      | Learned a level 4 spell: Olgreb's Toxic Radiance
  3060 | D:3      | HP: 14/57 [wight/+0 short sword (3)]
  3217 | D:5      | Entered Level 5 of the Dungeon
  3274 | D:5      | Reached skill level 3 in Conjurations
  3274 | D:5      | Reached skill level 4 in Alchemy
  3274 | D:5      | Reached XP level 7. HP: 65/68 MP: 10/13
  3306 | D:5      | Found Qyfejuck's Jewellery Emporium.
  3339 | D:5      | Reached skill level 4 in Fighting
  3380 | D:5      | Noticed Pikel
  3506 | D:5      | Killed Pikel
  3507 | D:5      | Reached skill level 5 in Fighting
  3507 | D:5      | Reached skill level 3 in Air Magic
  3507 | D:5      | Reached XP level 8. HP: 74/80 MP: 5/14
  3784 | D:5      | Reached skill level 4 in Conjurations
  3798 | D:5      | Identified the +4 rapier of the Philosopher {spect, Dex+3}
  3954 | D:5      | Reached skill level 5 in Alchemy
  4035 | D:5      | Reached skill level 6 in Fighting
  4158 | D:5      | Reached skill level 4 in Air Magic
  4307 | D:5      | Learned a level 5 spell: Irradiate
  4503 | D:5      | Found a glowing golden altar of the Shining One.
  4712 | D:6      | Reached skill level 5 in Conjurations
  5018 | D:6      | Reached XP level 9. HP: 62/87 MP: 15/15
  5274 | D:6      | Found a sacrificial altar of Ru.
  5477 | D:6      | You pick up a book of Displacement and begin reading...
  5477 | D:6      | You add the spells Lesser Beckoning, Gell's Gravitas and
                  | Teleport Other to your library.
  5703 | D:6      | Found a staircase to the Ecumenical Temple.
  5712 | Temple   | Entered the Ecumenical Temple
  5719 | Temple   | Became a worshipper of Vehumet
  5735 | D:6      | Reached skill level 6 in Alchemy
  5749 | D:6      | Reached skill level 5 in Air Magic
  5889 | D:6      | Found a hide-covered altar of Uskayaw.
  6281 | D:6      | Reached skill level 5 in Spellcasting
  6771 | D:7      | Noticed a hornet
  6775 | D:7      | Killed a hornet
  6776 | D:7      | Reached skill level 6 in Conjurations
  7199 | D:7      | Reached skill level 6 in Air Magic
  7199 | D:7      | Reached skill level 7 in Alchemy
  7382 | D:7      | Reached XP level 10. HP: 37/98 MP: 9/17
  7545 | D:7      | You pick up a book of Sloth and begin reading...
  7545 | D:7      | You add the spells Frozen Ramparts, Leda's Liquefaction and
                  | Metabolic Englaciation to your library.
  7566 | D:7      | Noticed a two-headed ogre
  7566 | D:7      | Noticed a cyclops
  7581 | D:7      | Killed a two-headed ogre
  7582 | D:7      | Reached skill level 7 in Conjurations
  7582 | D:7      | Reached skill level 1 in Fire Magic
  7585 | D:7      | Reached skill level 2 in Fire Magic
  8161 | D:5      | Bought an amulet of magic regeneration for 330 gold pieces
  8926 | D:8      | Found a hazy altar of Hepliaklqana.
  9001 | D:9      | Found a sparkling altar of Nemelex Xobeh.
  9007 | D:9      | Reached * piety under Vehumet
  9007 | D:9      | Offered knowledge of Magic Dart by Vehumet.
  9045 | D:9      | Reached skill level 3 in Fire Magic
  9177 | D:9      | Reached skill level 6 in Spellcasting
  9179 | D:9      | Reached skill level 8 in Conjurations
  9179 | D:9      | Reached skill level 8 in Alchemy
  9186 | D:9      | Reached skill level 4 in Fire Magic
  9190 | D:9      | Reached XP level 11. HP: 88/105 MP: 2/20
  9301 | D:9      | Found a staircase to the Lair.
  9356 | D:9      | Reached ** piety under Vehumet
  9356 | D:9      | Offered knowledge of Searing Ray by Vehumet.
  9357 | D:9      | Reached skill level 9 in Conjurations
  9359 | D:9      | Reached skill level 9 in Alchemy
  9365 | D:9      | Reached skill level 1 in Shapeshifting
  9481 | D:9      | Learned a level 4 spell: Sticky Flame
  9569 | D:9      | You pick up a book of Blood and begin reading...
  9569 | D:9      | You add the spells Call Imp and Summon Hydra to your
                  | library.
  9650 | D:10     | Entered Level 10 of the Dungeon
  9665 | D:10     | Noticed Harold
  9677 | D:10     | Killed Harold
 10195 | D:10     | Identified the +2 pair of boots of the Arcane {Str+2}
 10281 | D:10     | Noticed Snorg
 10295 | D:10     | Killed Snorg
 10296 | D:10     | Reached skill level 2 in Shapeshifting
 10450 | D:10     | Found an ornate altar of the Wu Jian Council.
 10690 | D:11     | Found Nyaloigho's Antique Weapon Shoppe.
 10912 | D:10     | Noticed a two-headed ogre
 10942 | D:10     | Killed a two-headed ogre
 10943 | D:10     | Reached skill level 7 in Fighting
 10943 | D:10     | Reached skill level 7 in Spellcasting
 10943 | D:10     | Reached skill level 5 in Fire Magic
 11004 | Lair:1   | Entered Level 1 of the Lair of Beasts
 11008 | Lair:1   | Noticed a skyshark
 11031 | Lair:1   | Noticed Gastronok
 11109 | Lair:1   | Noticed Urug
 11118 | Lair:1   | Killed Urug
 11119 | Lair:1   | Reached skill level 3 in Shapeshifting
 11120 | Lair:1   | a +3 double sword {rare}; a +0 chain mail; the orc corpse
                  | of Urug
 11210 | Lair:1   | You pick up a book of Ice and begin reading...
 11210 | Lair:1   | You add the spells Sculpt Simulacrum, Ozocubu's
                  | Refrigeration and Polar Vortex to your library.
 11287 | Lair:1   | Killed Gastronok
 11288 | Lair:1   | Reached skill level 8 in Fighting
 11288 | Lair:1   | Reached XP level 12. HP: 119/119 MP: 12/22
 11378 | Lair:1   | Reached skill level 4 in Shapeshifting
 11474 | Lair:1   | Noticed Joseph
 11476 | Lair:1   | Reached skill level 10 in Conjurations
 11476 | Lair:1   | Killed a skyshark
 11505 | Lair:1   | Killed Joseph
 11608 | Lair:1   | Reached skill level 2 in Dodging
 11822 | Lair:1   | Found a shimmering altar of Xom.
 11929 | Lair:1   | Reached skill level 5 in Shapeshifting
 11980 | Lair:2   | Offered knowledge of Static Discharge by Vehumet.
 11996 | Lair:2   | Noticed an eight-headed hydra
 12064 | Lair:2   | Reached skill level 3 in Dodging
 12138 | Lair:2   | Reached skill level 10 in Alchemy
 12148 | Lair:2   | Found a staircase to the Swamp.
 12207 | Lair:2   | Reached *** piety under Vehumet
 12261 | Lair:2   | Reached skill level 6 in Shapeshifting
 12439 | Lair:2   | Killed an eight-headed hydra
 12440 | Lair:2   | Reached skill level 11 in Conjurations
 12793 | Lair:3   | Reached XP level 13. HP: 128/128 MP: 19/23
 12799 | Lair:3   | Reached skill level 9 in Fighting
 12801 | Lair:3   | Offered knowledge of Flame Wave by Vehumet.
 12816 | Lair:3   | Reached skill level 7 in Shapeshifting
 13028 | Lair:3   | Reached skill level 10 in Fighting
 13103 | Lair:3   | Noticed Kirke
 13111 | Lair:3   | Reached **** piety under Vehumet
 13114 | Lair:3   | Reached skill level 8 in Shapeshifting
 13120 | Lair:3   | Killed Kirke
 13198 | Lair:3   | Offered knowledge of Arcjolt by Vehumet.
 13212 | Lair:3   | Reached skill level 9 in Shapeshifting
 13219 | Lair:3   | Learned a level 5 spell: Arcjolt
 13569 | Lair:3   | Found a staircase to the Snake Pit.
 13778 | Lair:4   | Noticed Nessos
 13804 | Lair:4   | Reached skill level 7 in Air Magic
 13804 | Lair:4   | Killed Nessos
 13835 | Lair:4   | Found a frozen archway.
 13955 | IceCv    | Entered an ice cave
 13959 | IceCv    | Reached skill level 10 in Shapeshifting
 13960 | IceCv    | Reached ***** piety under Vehumet
 13960 | IceCv    | Offered knowledge of Spellforged Servitor by Vehumet.
 14009 | IceCv    | Reached XP level 14. HP: 59/143 MP: 7/25
 14123 | IceCv    | HP: 31/143 [death yak (25)]
 14126 | IceCv    | Reached skill level 8 in Air Magic
 14527 | Lair:4   | Reached skill level 8 in Spellcasting
 14681 | Lair:5   | Entered Level 5 of the Lair of Beasts
 14864 | Lair:5   | Reached skill level 11 in Shapeshifting
 14991 | Lair:5   | Reached skill level 9 in Spellcasting
 15199 | Lair:5   | Found a staircase to the Slime Pits.
 15333 | Lair:5   | Offered knowledge of Fireball by Vehumet.
 15343 | Lair:5   | Learned a level 5 spell: Fireball
 15509 | Lair:5   | You pick up a book of Power and begin reading...
 15509 | Lair:5   | You add the spells Iskenderun's Battlesphere, Bombard and
                  | Spellforged Servitor to your library.
 15597 | Lair:5   | Reached skill level 12 in Shapeshifting
 15652 | Lair:5   | You pick up a book of Debilitation and begin reading...
 15652 | Lair:5   | You add the spells Slow, Sigil of Binding, Vampiric
                  | Draining and Confusing Touch to your library.
 15783 | Lair:5   | Reached skill level 6 in Fire Magic
 16721 | D:11     | You pick up a book of Iron and begin reading...
 16721 | D:11     | You add the spells Summon Lightning Spire, Animate Armour
                  | and Lee's Rapid Deconstruction to your library.
 16736 | D:11     | Found Ziudwis's Assorted Antiques.
 16742 | D:11     | Bought a scroll of teleportation for 96 gold pieces
 16781 | D:11     | Bought an embroidered scarf for 256 gold pieces
 17055 | D:12     | Noticed Nergalle
 17066 | D:11     | Offered knowledge of Starburst by Vehumet.
 17244 | D:12     | Killed Nergalle
 17245 | D:12     | Reached skill level 7 in Fire Magic
 17245 | D:12     | Reached XP level 15. HP: 59/149 MP: 18/28
 17400 | D:12     | Found a hide-covered altar of Uskayaw.
 17620 | D:12     | Found a staircase to the Orcish Mines.
 17842 | Orc:1    | Entered Level 1 of the Orcish Mines
 18032 | Orc:2    | Entered Level 2 of the Orcish Mines
 18145 | Orc:2    | Reached skill level 10 in Spellcasting
 18152 | Orc:2    | Reached skill level 13 in Shapeshifting
 18259 | Orc:2    | Noticed Saint Roka
 18273 | Orc:2    | HP: 33/141 [orc knight/+0 war axe (31)]
 18273 | Orc:2    | Slain by an orc knight

Vanquished Creatures
  Gastronok (Lair:1)
  Kirke (Lair:3)
  Nessos (Lair:4)
  Snorg (D:10)
  Harold (D:10)
  A hydra (Lair:2)
  5 two-headed ogres
  5 death yaks (IceCv)
  Urug (Lair:1)
  Nergalle (D:12)
  An orc high priest (Orc:2)
  3 skysharks
  A lindwurm (Lair:5)
  4 orc knights
  Pikel (D:5)
  2 cyclopes
  10 elephants
  A kobold blastminer (Orc:2)
  2 manticores (D:12)
  6 black mambas
  Joseph (Lair:1)
  An unseen horror (D:10)
  16 cane toads
  5 komodo dragons
  3 gargoyles (D:12)
  A kobold demonologist (D:12)
  3 rime drakes
  3 trolls
  8 polar bears
  5 hornets
  18 blink frogs
  8 dream sheep (Lair:5)
  A slime creature (D:12)
  10 spriggans (Lair:5)
  A vampire (D:10)
  2 wraiths
  8 wyverns
  55 yaks
  10 basilisks
  A steam dragon (D:8)
  2 vampire mosquitoes (D:12)
  7 hogs (Lair:3)
  2 death yak simulacra (Lair:4)
  4 wargs
  3 nagas (Lair:3)
  2 acid dragons
  13 water moccasins
  21 orc warriors
  A sky beast (D:7)
  An ice beast (D:6)
  4 black bears
  3 boggarts (Lair:5)
  37 wolves
  13 centaurs
  4 ogres
  A lemure (D:5)
  4 phantoms
  13 bullfrogs
  A cane toad simulacrum (Lair:4)
  7 scorpions
  9 wights
  5 killer bees (D:9)
  An elephant simulacrum (Lair:4)
  6 howler monkeys
  6 jellies
  6 hounds
  19 orc priests
  A gnoll bouda (D:7)
  Terence (D:3)
  3 sleepcaps (D:5)
  Jessica (D:3)
  Natasha (D:3)
  30 orc wizards
  6 iguanas
  4 gnolls (D:4)
  4 adders
  A shadow imp (D:6)
  2 white imps
  2 ufetubi (D:5)
  2 dart slugs
  2 ribbon worms
  65 orcs
  5 ball pythons
  8 endoplasms
  5 giant cockroaches
  4 goblins
  4 hobgoblins
  4 jackals (D:1)
  5 quokkas
  5 bats
  4 frilled lizards
  7 kobolds
  6 rats
  A spectral kobold (D:8)
587 creatures vanquished.

Vanquished Creatures (others)
  An orc wizard (D:12)
1 creature vanquished.

Grand Total: 588 creatures vanquished

Table legend:
 A = Non-vault XP
 B = Vault XP
 C = Vault XP percentage of total XP
 D = Non-vault monster count
 E = Vault monster count
 F = Vault count percentage of total count
                 A         B        C        D         E       F
            +---------+---------+-------+---------+---------+-------
      Total |   58726 |   38523 |  39.6 |     411 |     176 |  30.0
            +---------+---------+-------+---------+---------+-------
        D:1 |      47 |       2 |   4.1 |      28 |       2 |   6.7
        D:2 |      50 |       0 |   0.0 |      21 |       0 |   0.0
        D:3 |      18 |     111 |  86.0 |       4 |       3 |  42.9
        D:4 |     274 |       0 |   0.0 |      13 |       0 |   0.0
        D:5 |    1041 |     784 |  43.0 |      25 |       4 |  13.8
        D:6 |     915 |       0 |   0.0 |      22 |       0 |   0.0
        D:7 |     920 |    1473 |  61.6 |      10 |       7 |  41.2
        D:8 |     939 |       3 |   0.3 |      20 |       2 |   9.1
        D:9 |    3764 |    1862 |  33.1 |      25 |      11 |  30.6
       D:10 |    2756 |    1812 |  39.7 |      16 |       2 |  11.1
       D:11 |    3985 |       0 |   0.0 |      21 |       0 |   0.0
       D:12 |    4759 |    2255 |  32.1 |      23 |      12 |  34.3
     Lair:1 |    6052 |    3204 |  34.6 |      20 |       7 |  25.9
     Lair:2 |    4645 |    1136 |  19.7 |      16 |       7 |  30.4
     Lair:3 |    7680 |    6257 |  44.9 |      27 |      29 |  51.8
     Lair:4 |    6102 |    1547 |  20.2 |      18 |       5 |  21.7
     Lair:5 |   10181 |    7601 |  42.7 |      42 |      43 |  50.6
      Orc:1 |    2222 |       0 |   0.0 |      14 |       0 |   0.0
      Orc:2 |    2376 |    3720 |  61.0 |      46 |      25 |  35.2
      IceCv |       0 |    6756 | 100.0 |       0 |      17 | 100.0
            +---------+---------+-------+---------+---------+-------

Skill      XL: |  1  2  3  4  5  6  7  8  9 10 11 12 13 14 15 |
---------------+----------------------------------------------+-----
Conjurations   | 1 2 3 5 6 8 9 11 | 11.0
Fighting       | 1 2 3 5 6 8 10 | 10.0
Alchemy        | 3 4 5 7 8 9 10 | 10.0
Spellcasting   | 3 4 5 6 7 9 10 | 10.0
Air Magic      | 1 2 3 4 6 7 8 |  8.0
Fire Magic     | 4 5 7 |  7.0
Shapeshifting  | 3 6 10 12 13 | 13.3
Dodging        | 3 |  3.0
Stealth        | |  1.4

Action                     |  1- 3 |  4- 6 |  7- 9 | 10-12 | 13-15 || total
---------------------------+-------+-------+-------+-------+-------++-------
  Melee: Unarmed           |     4 |       |       |       |       ||     4
         Whip              |    35 |    77 |   192 |   166 |   277 ||   747
         Headbutt          |     6 |     8 |    40 |    34 |    82 ||   170
         Punch             |     1 |     1 |     2 |       |     5 ||     9
   Cast: Sting             |    53 |    61 |   108 |    83 |    21 ||   326
         Mercury Vapours   |     1 |     1 |     1 |     7 |     1 ||    11
         Mephitic Cloud    |       |     1 |     1 |    10 |    10 ||    22
         Irradiate         |       |       |     8 |    31 |    21 ||    60
         Olgreb's Toxic Ra |       |       |     6 |    47 |    33 ||    86
         Sticky Flame      |       |       |       |    29 |    79 ||   108
         Arcjolt           |       |       |       |       |   162 ||   162
         Fireball          |       |       |       |       |    37 ||    37
  Evoke: Wand              |       |       |       |       |     1 ||     1
    Use: Scroll            |       |     2 |    10 |     4 |    13 ||    29
         Potion            |       |       |     1 |     4 |     3 ||     8
   Stab: Sleeping          |       |     2 |     1 |     1 |     1 ||     5
         Confused          |       |       |     1 |     1 |     1 ||     3
 Armour: Robe              |    40 |    56 |   206 |    27 |       ||   329
         Steam dragon scal |       |       |       |    82 |       ||    82
         Troll leather arm |       |       |       |   178 |   388 ||   566
         Skin              |       |       |       |       |   130 ||   130
  Dodge: Dodged            |    29 |    36 |   107 |   127 |   211 ||   510
   Form: Statue            |       |       |       |       |     1 ||     1

Illustrated notes

Table legend:
 A = Kills in this place as a percentage of kills in the entire game.
 B = Kills by you in this place as a percentage of kills by you in the entire game.
 C = Kills by friends in this place as a percentage of kills by friends in the entire game.
 D = Other kills in this place as a percentage of other kills in the entire game.
 E = Experience gained in this place as a percentage of experience gained in the entire game.
 F = Experience gained in this place divided by the number of levels of this place that you have seen.
                   A       B       C       D       E      F
               +-------+-------+-------+-------+-------+----------------------
         Total | 100.0 | 100.0 |   N/A | 100.0 | 100.0 | 4630.9
       Dungeon |  46.2 |  46.5 |   N/A |  25.0 |  28.6 | 2314.2
          Lair |  36.5 |  35.9 |   N/A |  75.0 |  55.9 | 10881.0
  Orcish Mines |  14.5 |  14.7 |   N/A |   0.0 |   8.6 | 4159.0
      Ice Cave |   2.9 |   2.9 |   N/A |   0.0 |   6.9 | 6756.0
               +-------+-------+-------+-------+-------+----------------------

Table legend: (Time is in decaauts)
 A = Elapsed time spent in this place.
 B = Non-inter-level travel time spent in this place.
 C = Inter-level travel time spent in this place.
 D = Time resting spent in this place.
 E = Time spent auto-exploring this place.
 F = Levels seen in this place.
 G = Mean time per level.
                   A        B        C        D        E       F      G
               +--------+--------+--------+--------+--------+-----+--------+
         Total |  18942 |  17427 |   1515 |   3420 |   5725 |  21 |  902.0 |
       Dungeon |  13276 |  12199 |   1077 |   2758 |   5299 |  12 | 1106.3 |
        Temple |     14 |      8 |      6 |      0 |      0 |   1 |   14.0 |
          Lair |   4627 |   4195 |    432 |    425 |    180 |   5 |  925.4 |
  Orcish Mines |    649 |    649 |      0 |    102 |    246 |   2 |  324.5 |
      Ice Cave |    374 |    374 |      0 |    135 |      0 |   1 |  374.0 |
               +--------+--------+--------+--------+--------+-----+--------+

Top non-repeatable levels by time:
     D:6: 1609 daAuts
     D:5: 1596 daAuts
     D:7: 1442 daAuts
    D:12: 1232 daAuts
  Lair:5: 1219 daAuts
    D:10: 1203 daAuts
     D:8: 1064 daAuts
    D:11: 1036 daAuts
  Lair:1: 994 daAuts
     D:4: 945 daAuts
  Lair:3: 884 daAuts
     D:3: 882 daAuts
  Lair:2: 833 daAuts
     D:1: 805 daAuts
     D:2: 729 daAuts
